 Dungeon Crawl Stone Soup version 0.31-a0-358-gac0dbeb3ab (webtiles) character file.

Game seed: 16708173669666481784

42 Bnni the Changeling (level 3, 0/24 HPs)
             Began as an Octopode Shapeshifter on July 25, 2023.
             Slain by a giant cockroach (1 damage)
             ... on level 1 of the Dungeon.
             The game lasted 00:02:07 (1219 turns).

Bnni the Changeling (Octopode Shapeshifter)         Turns: 1219, Time: 00:02:08

Health: 0/24       AC: -3    Str: 14    XL:     3   Next: 56%
Magic:  3/3        EV: 13    Int: 10    God:
Gold:   96         SH:  0    Dex: 14    Spells: 2/2 levels left

rFire   . .          .
                       - Unarmed
rCold   . . .        (no shield)
rNeg    . . .        (helmet currently unavailable)
rPois   .            (no amulet)
rElec   .            (no ring)
rCorr   .            (no ring)
SInv    .            (no ring)
Will    .....        (no ring)
Stlth   ++           (no ring)
HPRegen 0.24/turn    (no ring)
MPRegen 0.08/turn    (no ring)
                     (no ring)

%: no passive effects
@: beast-form, corroded
A: beast (slay +2), almost no armour, amphibious, 8 rings, camouflage 1,
gelatinous body 1, (nimble swimmer 1), tentacles
a: Begin Untransformation


You were on level 1 of the Dungeon.
You were a hulking beast.
You visited 1 branch of the dungeon, and saw 2 of its levels.

You collected 96 gold pieces.

Inventory:

Jewellery
 i - a ring of protection from cold
Talismans
 b - a beast talisman
Scrolls
 c - 2 scrolls of teleportation {unknown}
 g - 2 scrolls of identify {unknown}
 h - a scroll of blinking {unknown}
 j - a scroll of fear {unknown}
Potions
 a - a potion of lignification
 d - a potion of mutation {unknown}
 e - a potion of degeneration {unknown}
 f - a potion of resistance {unknown}
 k - a potion of curing {unknown}


   Skills:
 + Level 1.7 Fighting
 - Level 2.0 Dodging
 + Level 3.4 Unarmed Combat
 * Level 3.5 Shapeshifting


You had 2 spell levels left.
You didn't know any spells.
Your spell library was empty.

Dungeon Overview and Level Annotations

Branches:
Dungeon (2/15)

Altars:
Jiyva

Shops:
D:1 *[!=


Innate Abilities, Weirdness & Mutations

You are a hulking beast.
Your limbs bulge with bestial killing power. (Slay +2)
You cannot wear most types of armour.
You are amphibious.
You can wear up to eight rings at the same time.
Your skin changes colour to match your surroundings (Stealth+).
Your rubbery body absorbs attacks. (AC +1, EV +1)
((You are camouflaged when in or above water. (Stealth+)))
You have tentacles for arms and can constrict up to eight enemies at once.


Message History

No target in view!
k - a coppery potion
Found a hand axe.
You see here a +0 hand axe.
You open the door.
There is an open door here.
You open the door.
There is an open door here.
The endoplasm quivers.
The jelly quivers.
You see here a +0 dagger.
You see here a +0 whip.
The endoplasm quivers.
The frilled lizard hisses angrily.
The jelly quivers. x2
The kobold shouts!
The jelly quivers.
The jelly quivers. x2
Okay, then.
The jelly jiggles.
You open the large door.
The jelly jiggles.
The endoplasm attacks as you move away! The endoplasm closely misses you.
The giant cockroach waves its antennae.
The jelly jiggles.
The endoplasm attacks as you move away! The endoplasm barely misses you.
The endoplasm attacks as you move away! The endoplasm closely misses you.
You see here a +0 dagger.
The jelly quivers.
The jelly hits you but does no damage. The jelly attacks as you move away!
The jelly hits you.
You are splashed with acid!
The jelly quivers.
The jelly hits you. The acid corrodes you!
You are splashed with acid!
* * * LOW HITPOINT WARNING * * *
The jelly attacks as you move away! The jelly barely misses you.
The endoplasm quivers.
The giant cockroach bites you.
* * * LOW HITPOINT WARNING * * *
The giant cockroach bites you.
You die...

#...#....#####r..♣...♣.♣....♣♣.
#..r#..J.#.#.8.....♣...♣...♣..♣
#..J#.J.JJ.BJ.J...♣♣..♣..♣...♣.
###..J#..lKJJ.B).....J....♣...♣.♣
......#.._J#.#.8.J....♣♣......♣♣.
.##..J#....#####.....♣......♣..♣.
.##...#.... ##....♣...♣♣..♣.♣.♣♣
.##..J########....♣♣..♣..♣♣..♣..♣
..#.....)rJ..J.Bh........♣♣.♣♣..♣
..#...###..J..J..♣...♣♣..♣..♣..♣.
..#...........J.♣....♣....♣...♣♣.
..#.............l......♣♣..(.♣.♣♣
..###############♣♣♣♣♣♣♣♣♣♣♣♣♣♣♣♣
..##.#(.........#################
..##.#.####..###...............#.
..........(..............#####.#.
...###............#..###.#####.#.


You could see 5 jellies, 3 endoplasms, a giant cockroach and a rat.

Vanquished Creatures
  An adder (D:2)
  3 endoplasms (D:1)
  A giant cockroach (D:1)
  4 goblins
  4 hobgoblins
  3 kobolds (D:1)
  A quokka (D:1)
  8 ball pythons
  2 bats (D:1)
  4 frilled lizards
  2 rats (D:1)
33 creatures vanquished.

Notes
Turn   | Place    | Note
-------+----------+-------------------------------------------
     0 | D:1      | Bnni the Octopode Shapeshifter began the quest for the Orb.
     0 | D:1      | Reached XP level 1. HP: 13/13 MP: 1/1
    74 | D:1      | Found a large runed translucent door.
    74 | D:1      | Found a large runed translucent door.
    75 | D:1      | Noticed a jelly
    76 | D:1      | Noticed a jelly
    79 | D:1      | Found a viscous altar of Jiyva.
    79 | D:1      | Noticed a jelly
    79 | D:1      | Noticed a jelly
    79 | D:1      | Noticed a jelly
    80 | D:1      | Noticed a jelly
    81 | D:1      | Noticed a jelly
    82 | D:1      | Noticed a jelly
   112 | D:1      | Reached XP level 2. HP: 14/18 MP: 2/2
   159 | D:1      | Found Vaorink's Assorted Antiques.
   556 | D:1      | You fall into a shaft and drop 1 floor!
   614 | D:2      | Reached XP level 3. HP: 21/23 MP: 3/3
   765 | D:1      | Found Cynnyb's Armour Shoppe.
   777 | D:1      | Found Xesomu's Distillery.
   789 | D:1      | Found Xotyan's Jewellery Shop.
  1218 | D:1      | HP: 1/24 [giant cockroach (1)]
  1219 | D:1      | Slain by a giant cockroach

Illustrated notes

Levels and vault maps discovered:
D:1:      erik_arrival_cave_to_civilisation [erik_arrival_cave_to_temple],
          layout_basic, serial_shops, nicolae_shop_stone, nicolae_shop_trees,
          shop, nicolae_shop_rolling_square, hex_medium
D:2:      layout_loops_ring, basic_ecumenical_altar

Action                     || total
---------------------------++-------
  Melee: Unarmed           ||    47
         Constrict         ||     9
         Tentacles         ||     5
   Stab: Sleeping          ||    10
 Armour: Skin              ||     2
  Dodge: Dodged            ||    27

Table legend: (Time is in decaauts)
 A = Elapsed time spent in this place.
 B = Non-inter-level travel time spent in this place.
 C = Inter-level travel time spent in this place.
 D = Time resting spent in this place.
 E = Time spent auto-exploring this place.
 F = Levels seen in this place.
 G = Mean time per level.
                   A        B        C        D        E       F      G
               +--------+--------+--------+--------+--------+-----+--------+
         Total |   1215 |   1208 |      7 |      9 |    983 |   2 |  607.5 |
       Dungeon |   1215 |   1208 |      7 |      9 |    983 |   2 |  607.5 |
               +--------+--------+--------+--------+--------+-----+--------+

Top non-repeatable levels by time:
     D:1: 1042 daAuts
     D:2: 172 daAuts
